 Dungeon Crawl Stone Soup version 0.28.0-1-gb440e238dd (webtiles) character file.

Game seed: 2333846424431340926

354 croobank the Sneak (level 6, -5/36 HPs)
             Began as an Octopode Fire Elementalist on Feb 22, 2022.
             Slain by a gnoll (7 damage)
             ... on level 4 of the Dungeon.
             The game lasted 00:09:50 (3653 turns).

croobank the Sneak (Octopode Fire Elementalist)     Turns: 3653, Time: 00:09:52

Health: -5/36      AC:  1    Str:  8    XL:     6   Next: 62%
Magic:  7/10       EV: 14    Int: 19    God:
Gold:   119        SH:  0    Dex: 12    Spells: 4/11 levels left

rFire   . . .      SeeInvis .   a - +1 short sword (venom)
rCold   . . .      Faith    .   (no shield)
rNeg    . . .      Spirit   .   (helmet restricted)
rPois   .          Reflect  .   (no amulet)
rElec   .          Harm     .   (no ring)
rCorr   .          Rampage  .   (no ring)
Will    .....                   (no ring)
Stlth   ++++......              (no ring)
HPRegen 0.12/turn               (no ring)
MPRegen 0.12/turn               (no ring)
                                (no ring)
                                (no ring)

@: no status effects
A: almost no armour, amphibious, 8 rings, camouflage 1, gelatinous body 1,
(nimble swimmer 1), tentacles
a: no special abilities


You were on level 4 of the Dungeon.
You visited 1 branch of the dungeon, and saw 4 of its levels.

You collected 188 gold pieces.
You spent 69 gold pieces at shops.

Inventory:

Hand Weapons
 a - a +1 short sword of venom (weapon)
 b - a +0 hunting sling
 i - a +0 whip
 l - a +0 war axe
 m - a +0 short sword of flaming
Missiles
 g - 33 stones
Wands
 j - a wand of digging (3)
 k - a wand of flame (2)
Scrolls
 e - a scroll of summoning
 h - 2 scrolls of enchant armour
Potions
 c - a potion of resistance
 f - 2 potions of attraction {unknown}


   Skills:
 + Level 3.4 Dodging
 + Level 4.8 Stealth
 + Level 3.2 Spellcasting
 + Level 3.0 Conjurations
 + Level 4.1 Fire Magic


You had 4 spell levels left.
You knew the following spells:

 Your Spells              Type           Power      Damage    Failure   Level
a - Foxfire               Conj/Fire      64%        2x1d7     3%          1
b - Scorch                Fire           36%        2d6       4%          2
c - Flame Wave            Conj/Fire      16%        2d6       34%         4

Your spell library contained the following spells:

 Spells                   Type           Power      Damage    Failure   Level
 Conjure Flame            Conj/Fire      16%        6-21      11%         3
 Inner Flame              Hex/Fire       10%        N/A       19%         3
 Ensorcelled Hibernation  Hex/Ice        6%         N/A       22%         2
 Spider Form              Tmut/Pois      3%         N/A       41%         3
 Anguish                  Hex/Necr       1%         N/A       83%         4


Dungeon Overview and Level Annotations

Branches:
Dungeon (4/15)
 Temple: D:4-7

Altars:

Shops:
D:2 *   D:3 (   D:4 ?

Annotations:
D:4 Menkaure


Innate Abilities, Weirdness & Mutations

You cannot wear most types of armour.
You are amphibious.
You can wear up to eight rings at the same time.
Your skin changes colour to match your surroundings (Stealth+).
Your rubbery body absorbs attacks. (AC +1, EV +1)
((You are camouflaged when in or above water. (Stealth+)))
You have tentacles for arms and can constrict up to eight enemies at once.


Message History

Found a wand of flame (23).
You hear the hiss of an avalanche of sand very nearby.
Casting: Foxfire (safe; 3% risk of failure)
Confirm with . or Enter, or press ? or * to list all spells.
You conjure some foxfire!
The gnoll shouts!
The foxfire hits the gnoll.
The gnoll is lightly wounded.
The foxfire hits the gnoll.
The gnoll is heavily wounded.
Casting: Foxfire (safe; 3% risk of failure)
Confirm with . or Enter, or press ? or * to list all spells.
You can't see any susceptible monsters within range! (Use Z to cast anyway.)
Casting: Foxfire (safe; 3% risk of failure)
Confirm with . or Enter, or press ? or * to list all spells.
You conjure some foxfire!
The foxfire hits the gnoll.
The gnoll is moderately wounded.
The foxfire hits the gnoll.
The gnoll is heavily wounded.
Casting: Foxfire (safe; 3% risk of failure)
Confirm with . or Enter, or press ? or * to list all spells.
Flames lash the gnoll.
The gnoll is almost dead.
The gnoll's fire resistance burns away.
You hit the gnoll but do no damage. You grab the gnoll.
The gnoll is almost dead.
You constrict the gnoll, but do no damage.
The gnoll closely misses you.
You hit the gnoll.
You kill the gnoll!
You closely miss the gnoll. Your grab misses the gnoll.
The gnoll hits you with a +0 flail! The gnoll closely misses you.
You hit the gnoll.
The gnoll is poisoned.
You grab the gnoll.
You squeeze the gnoll, but do no damage.
The gnoll is heavily wounded.
You constrict the gnoll. The gnoll hits you with a +0 flail! x2
* * * LOW HITPOINT WARNING * * *
The gnoll hits you with a +0 flail!
You die...

####................
#...................
##..........####.....
###............#
##..#.
###...............#
.##.
#.....##....(......#
##....##........#....
##...##.##....##...#
#....#g@###..... ..
##....g## .....
###....# ...
#####..#.#....
##...[..#.....#
#..............
#............##.
#..........#.#
##.........#.#


You could see 2 gnolls.

Vanquished Creatures
  Sigmund (D:2)
  A hound (D:4)
  A jelly (D:4)
  An iguana (D:3)
  A gnoll (D:4)
  An adder (D:4)
  A worm (D:2)
  2 dart slugs
  6 bats
  3 endoplasms
  3 giant cockroaches
  8 hobgoblins
  9 jackals
  8 kobolds
  3 quokkas
  13 ball pythons
  6 frilled lizards
  5 goblins
  A rat (D:1)
74 creatures vanquished.

Vanquished Creatures (others)
  119 foxfires
119 creatures vanquished.

Grand Total: 193 creatures vanquished

Notes
Turn   | Place    | Note
-------+----------+-------------------------------------------
     0 | D:1      | croobank the Octopode Fire Elementalist began the quest for
                  | the Orb.
     0 | D:1      | Reached XP level 1. HP: 11/11 MP: 3/3
    99 | D:1      | Reached XP level 2. HP: 4/17 MP: 0/5
   351 | D:1      | Learned a level 2 spell: Scorch
  1124 | D:1      | Reached XP level 3. HP: 21/21 MP: 3/6
  1387 | D:2      | Noticed Sigmund
  1395 | D:2      | Killed Sigmund
  1396 | D:2      | Reached XP level 4. HP: 21/27 MP: 1/8
  1396 | D:2      | Reached XP level 5. HP: 25/31 MP: 1/9
  1467 | D:2      | Found Kasmir Maghe's Assorted Antiques.
  1477 | D:2      | Learned a level 4 spell: Flame Wave
  1479 | D:2      | Bought a scroll of identify for 46 gold pieces
  1479 | D:2      | Bought a scroll labelled ESAG DUKOJEDE for 23 gold pieces
  1488 | D:2      | Identified the +4 chain mail "Otenguru" {Int+4}
  2382 | D:3      | Reached XP level 6. HP: 15/36 MP: 2/10
  2673 | D:3      | Found a faded altar of an unknown god.
  3273 | D:3      | Found Sohyshrul's Antique Weapon Emporium.
  3544 | D:4      | Noticed Menkaure
  3589 | D:4      | Found Merph's Magic Scroll Shoppe.
  3653 | D:4      | Slain by a gnoll

Illustrated notes

Levels and vault maps discovered:
D:1:      saegor_arrival_simple_a, layout_loops_ring, hangedman_decor_push
D:2:      layout_loops_cross, serial_shops, shop_statue, uniq_sigmund
D:3:      layout_loops_corners, nicolae_ecumenical_snake_handling, serial_shops,
          nicolae_shop_hallway_stairs
D:4:      layout_cave_pools, serial_column_ruins, column_ruins_hut,
          column_ruins_columns_straight, column_ruins_grid_1,
          column_ruins_columns_corner, serial_shops,
          nicolae_shop_temple_entry_statues_fountains,
          nicolae_ossuary_entry_ruins, uniq_menkaure, uniq_grinder

Skill      XL: |  1  2  3  4  5  6 |
---------------+-------------------+-----
Stealth        | 3 4 |  4.8
Dodging        | 3 |  3.4
Conjurations   | 2 3 |  3.0
Spellcasting   | 3 |  3.2
Fire Magic     | 4 |  4.1

Action                   |  1- 3 |  4- 6 || total
-------------------------+-------+-------++-------
Melee: Unarmed           |    14 |       ||    14
       Constrict         |     6 |     8 ||    14
       Tentacles         |     2 |     3 ||     5
       Whip              |     2 |     7 ||     9
       Short sword       |       |    14 ||    14
 Cast: Foxfire           |    23 |    47 ||    70
       Scorch            |    10 |    20 ||    30
  Use: Scroll            |     2 |     3 ||     5
 Stab: Sleeping          |     2 |     2 ||     4
Armor: Skin              |     4 |     1 ||     5
Dodge: Dodged            |    11 |    18 ||    29
